 Dungeon Crawl Stone Soup version 0.18.1-48-g4cf74bf (webtiles) character file.

43 meme the Charlatan (level 3, -2/20 HPs)
             Began as a Kobold Artificer on July 20, 2016.
             Killed by nerve-wracking pain
             ... invoked by Jessica
              (9 damage)
             ... on level 2 of the Dungeon.
             The game lasted 00:10:35 (1547 turns).

meme the Charlatan (Kobold Artificer)               Turns: 1547, Time: 00:10:35

Health: -2/20      AC:  5    Str:  9    XL:     3   Next: 82%
Magic:  6/6        EV: 13    Int: 10    God:
Gold:   54         SH:  0    Dex: 17    Spells: 0 memorised, 2 levels left

rFire  . . .     SeeInvis .     a - +0 short sword
rCold  . . .     Gourm    .     j - +0 ring mail (curse)
rNeg   . . .     Faith    .     (shield restricted)
rPois  .         Spirit   .     (no helmet)
rElec  .         Dismiss  .     (no cloak)
rCorr  .         Reflect  .     (no gloves)
SustAt .         Harm     .     (no boots)
MR     .....                    (no amulet)
Stlth  ++........               (no ring)
                                (no ring)

@: about to teleport, very slightly contaminated, hasted, very quick, not
resistant to hostile enchantments, unstealthy
A: carnivore 3
a: no special abilities


You were on level 2 of the Dungeon.
You were very full.

You visited 1 branch of the dungeon, and saw 3 of its levels.

You collected 54 gold pieces.

Inventory:

Hand Weapons
 a - a +0 short sword (weapon)
Armour
 b - a +0 leather armour
 j - a cursed +0 ring mail (worn)
Wands
 c - a wand of flame (14/48)
 d - a wand of enslavement (15/24)
 e - a wand of random effects (14/48)
Scrolls
 g - 3 scrolls of identify
 i - 3 scrolls of teleportation
 k - a scroll of magic mapping {unknown}
 m - a scroll of remove curse {unknown}
Comestibles
 f - a meat ration
 l - a slice of pizza


   Skills:
 + Level 1.1 Fighting
 + Level 1.3 Short Blades
 + Level 0.7 Armour
 + Level 3.0 Dodging
 + Level 2.2 Stealth
 + Level 4.5 Evocations


You had 2 spell levels left.
You didn't know any spells.

Dungeon Overview and Level Annotations

Branches:
Dungeon (3/15)

Altars:

Annotations:
D:2 Jessica


Innate Abilities, Weirdness & Mutations

You are small and have problems with some larger weapons.
You are carnivorous and can eat meat at any time.


Message History

You kill the kobold!
Press: ? - help, v - describe, . - travel
Here: Jessica, wielding a dagger and wearing a robe The floor.
Zapping:
e - a wand of random effects (15/48)
Press: ? - help, Shift-Dir - straight line, f - Jessica
Aim: Jessica, wielding a dagger and wearing a robe Jessica flickers and vanishes!
Deactivating autopickup; reactivate with Ctrl-A.
This wand has 14 charges left.
Pain shoots through your body!
Ouch! That really hurt!
Read which item? (? for menu, Esc to quit)
As you read the scroll of teleportation, it crumbles to dust.
You feel strangely unstable.
Drink which item? (? for menu, Esc to quit)
You feel yourself speed up.
You are very lightly contaminated with residual magic.
Pain shoots through your body!
You die...

# ###........# ##
..........# .. ......
#........# ####.##.#
#........# ..##.##.#
#........# ........#
#........# ..##.##.#
#.....†..# ..##.##.#
###......#
.....##.########@....(#
.........................
####.##.#####.##......##..
####.##.# #.##......# .
........# #.##......#
####..#.# #.##......# #
##.#.# #.##......# #
#...#####.##......# #
##................#


There were no monsters in sight!

Vanquished Creatures
  2 worms (D:2)
  A dart slug (D:1)
  A giant gecko (D:2)
  2 bats
  2 giant cockroaches
  8 goblins
  3 hobgoblins
  2 giant newts
  8 kobolds
  3 rats
32 creatures vanquished.

Notes
Turn   | Place    | Note
--------------------------------------------------------------
     0 | D:1      | meme the Kobold Artificer began the quest for the Orb.
     0 | D:1      | Reached XP level 1. HP: 12/12 MP: 3/3
   129 | D:1      | Reached skill level 4 in Evocations
   229 | D:1      | Reached XP level 2. HP: 16/16 MP: 5/5
   523 | D:1      | Reached XP level 3. HP: 20/20 MP: 6/6
  1541 | D:2      | Noticed Jessica
  1547 | D:2      | Killed from afar by Jessica

Skill      XL: |  1  2  3 |
---------------+----------+-----
Evocations     | 4 |  4.5
Stealth        | 2 |  2.2
Dodging        | 3 |  3.0
Fighting       | |  1.1
Short Blades   | |  1.3
Armour         | |  0.7

Action                   || total
-------------------------++-------
Melee: Short sword       ||    98
Evoke: Wand              ||     2
  Use: Potion            ||     3
       Scroll            ||     2
 Stab: Sleeping          ||     5
  Eat: Chunk             ||    10
Armor: Leather armour    ||     8
       Ring mail         ||    13
Dodge: Dodged            ||    52
